Map: Nightscape LE

Players

Massa - Winner!

  • Race: Terran Terran
  • League: Platinum
  • Spawn Location: 1:00

qqq - Winner!

  • Race: Protoss Protoss
  • League: Platinum
  • Spawn Location: 1:00

Matko

  • Race: Terran Terran
  • Spawn Location: 7:00

FEEDO

  • Race: Protoss Protoss
  • Spawn Location: 7:00

VOD

Have the link to the VOD?

Description

Time

  • Played on: Dec. 15, 2020, 1 p.m.
  • Length: 15:37
Show
View Real Time Build Order
Export as new Build Order

Massa Terran - Winner!

Build Orders:  

Get SALT Encoding   

  12  0:00  SCV  
  13  0:12  SCV  
  14  0:22  Supply Depot  
  14  0:24  SCV  
  15  0:40  Refinery  
  15  0:44  SCV  
  15  0:46  Barracks  
  16  0:56  SCV  
  17  1:08  SCV  
  18  1:20  SCV  
  19  1:32  SCV, Reaper  
  21  1:40  Command Center  
  21  1:45  SCV  
  22  1:53  Refinery  
  22  2:00  Orbital Command  
  22  2:04  Marine  
  22  2:08  Supply Depot  
  23  2:39  SCV  
  24  2:50  Barracks Tech Lab  
  24  2:51  SCV  
  24  2:52  Barracks  
  24  2:53  Orbital Command  
  24  2:57  Factory  
  25  3:03  SCV  
  26  3:15  SCV  
  26  3:18  Marauder  
  26  3:19  Stimpack  
  29  3:23  SCV  
  30  3:27  SCV  
  30  3:28  Engineering Bay  
  31  3:35  SCV  
  32  3:45  SCV  
  32  3:47  SCV, Engineering Bay  
  34  3:50  Factory Tech Lab  
  34  3:51  Marine  
  34  3:52  Marine  
  36  4:09  Marine  
  37  4:10  Marine  
  37  4:13  Refinery, Siege Tank  
  41  4:18  Starport  
  41  4:20  Command Center  
  38  4:27  Marine  
  38  4:28  Marauder  
  40  4:38  SCV  
  40  4:43  Orbital Command  
  41  4:50  Refinery  
  41  4:51  SCV  
  42  5:05  Barracks Reactor  
  42  5:10  Barracks  
  42  5:19  Starport Tech Lab  
  42  5:25  Marauder  
  44  5:29  SCV  
  45  5:37  Missile Turret  
  45  5:41  SCV  
  46  5:47  Marauder, Siege Tank  
  46  5:48  Marine x2  
  53  5:50  Combat Shield  
  53  5:53  SCV  
  54  5:59  Barracks  
  54  6:00  Barracks  
  54  6:05  SCV  
  54  6:06  Marine, Command Center  
  54  6:07  Banshee  
  55  6:31  Marauder, Marine x3  
  60  6:33  Orbital Command  
  60  6:49  Marine  
  60  7:05  Marauder  
  60  7:06  Marine  
  61  7:14  Planetary Fortress  
  61  7:17  Marine x3  
  61  7:18  SCV, Siege Tank  
  68  7:24  Marine  
  68  7:26  Marauder  
  68  7:28  Supply Depot  
  71  7:30  SCV  
  71  7:35  Marine  
  73  7:42  SCV  
  74  7:48  Marauder  
  76  7:52  SCV  
  76  7:54  SCV  
  76  7:57  SCV  
  79  8:04  SCV  
  80  8:06  SCV  
  80  8:09  SCV  
  80  8:10  Missile Turret  
  82  8:13  Medivac  
  82  8:14  Missile Turret  
  82  8:18  Barracks Tech Lab  
  82  8:19  Barracks Reactor  
  84  8:23  Supply Depot  
  84  8:31  Missile Turret  
  84  8:45  SCV x3, Marauder, Marine, Medivac  
  92  8:52  Missile Turret  
  92  8:59  Orbital Command  
  92  9:07  Supply Depot x2  
  92  9:08  SCV, Marauder  
  92  9:09  Refinery, Supply Depot  
  92  9:11  Terran Infantry Weapons Level 1  
  92  9:12  Supply Depot  
  92  9:15  Armory  
  92  9:21  Missile Turret x2  
  92  9:23  Missile Turret  
  92  9:28  SCV x3, Marauder, Marine  
  92  9:29  Marauder  
  92  9:30  Medivac  
  102  9:33  Supply Depot x3  
  102  9:36  Supply Depot  
  102  9:39  SCV  
  102  9:40  SCV x3  
  102  9:44  Missile Turret  
  106  9:46  Missile Turret  
  106  9:48  Refinery  
  106  9:50  Marauder  
  106  9:51  SCV  
  106  9:52  SCV x3  
  112  10:03  SCV  
  112  10:04  SCV  
  114  10:07  Engineering Bay  
  114  10:08  Terran Vehicle Weapons Level 1  
  114  10:13  Sensor Tower  
  114  10:14  Refinery  
  114  10:16  Refinery, Medivac  
  114  10:19  Thor  
  122  10:22  Marauder, Marine x3  
  122  10:23  Marine x2  
  122  10:25  SCV x2  
  122  10:26  SCV  
  132  10:38  Concussive Shells  
  132  10:39  Smart Servos  
  132  10:40  Marine x2  
  134  10:44  Barracks Reactor, Marine x2  
  134  10:45  Marine x2  
  134  10:48  Medivac  
  140  10:50  Terran Infantry Armor Level 1  
  140  10:58  Marine x2  
  140  11:02  Marine x4  
  146  11:12  SCV x4  
  146  11:15  Marine  
  146  11:16  Refinery, Marine  
  152  11:24  SCV x4  
  156  11:27  Command Center  
  156  11:40  Supply Depot x2  
  156  11:43  Supply Depot  
  156  11:44  Supply Depot  
  156  11:55  Sensor Tower  
  156  12:02  Thor  
  156  12:03  Supply Depot  
  156  12:06  Supply Depot x2  
  162  12:11  Supply Depot  
  152  12:21  Marine x8  
  135  12:28  Supply Depot  
  113  12:31  Supply Depot x2  
  100  12:39  Barracks, Marine x8, Supply Depot  
  100  12:40  Barracks  
  100  12:42  Barracks  
  95  12:44  Thor  
  101  12:56  Marine  
  101  12:57  Marine x4  
  106  13:00  Factory  
  106  13:02  SCV x2  
  106  13:03  SCV x2  
  106  13:05  Planetary Fortress  
  110  13:10  Missile Turret  
  110  13:14  SCV  
  110  13:15  SCV x3  
  110  13:17  Terran Infantry Armor Level 2, Terran Infantry Weapons Level 2  
  110  13:19  Terran Vehicle Weapons Level 2, Factory  
  114  13:26  SCV  
  114  13:27  SCV x2  
  116  13:30  Missile Turret  
  116  13:31  Medivac  
  119  13:49  Missile Turret  
  119  13:52  Thor  
  119  13:54  Marauder x2  
  119  13:55  Marine  
  130  14:01  Medivac  
  132  14:09  Missile Turret  
  132  14:12  Refinery  
  132  14:16  SCV x2, Marauder x2  
  132  14:17  SCV x2  
  140  14:20  SCV  
  140  14:22  Command Center  
  141  14:28  Factory Tech Lab, SCV x2  
  141  14:29  SCV, Factory Tech Lab  
  144  14:33  Armory  
  144  14:35  Thor  
  150  14:39  Starport  
  150  14:52  Sensor Tower  
  146  15:21  Barracks Reactor, Barracks Tech Lab  
  146  15:22  Barracks Tech Lab  
Show
View Real Time Build Order
Export as new Build Order

qqq Protoss - Winner!

Build Orders: Carriers 

Get SALT Encoding   

  12  0:00  Probe  
  13  0:13  Probe  
  14  0:20  Pylon  
  14  0:41  Probe  
  15  0:53  Probe  
  16  0:58  Forge  
  16  1:05  Probe  
  17  1:11  Pylon  
  17  1:13  Pylon  
  17  1:21  Probe  
  18  1:33  Probe  
  18  1:36  Photon Cannon  
  19  1:45  Probe  
  20  1:57  Probe  
  21  2:25  Nexus  
  21  2:31  Gateway  
  21  2:32  Pylon  
  21  2:37  Probe  
  21  2:43  Assimilator  
  22  2:47  Assimilator  
  22  2:49  Probe  
  22  3:01  Probe  
  22  3:02  Pylon  
  23  3:16  Probe  
  23  3:28  Probe  
  24  3:40  Probe  
  25  3:52  Probe x2  
  27  3:58  Nexus  
  27  4:03  Cybernetics Core  
  27  4:24  Probe  
  27  4:30  Nexus  
  28  4:33  Pylon  
  28  4:34  Pylon  
  28  4:37  Pylon x2  
  28  4:45  Stargate  
  28  4:50  Stargate  
  28  4:58  Photon Cannon  
  28  5:02  Photon Cannon  
  28  5:09  Probe  
  30  5:32  Phoenix (Chrono Boost)  
  30  5:33  Probe (Chrono Boost)  
  32  5:41  Probe (Chrono Boost)  
  32  5:42  Phoenix (Chrono Boost)  
  35  5:46  Photon Cannon  
  35  5:51  Probe  
  35  5:52  Probe  
  37  6:03  Probe  
  30  6:04  Probe  
  29  6:15  Probe x2  
  29  6:16  Probe  
  32  6:25  Phoenix  
  34  6:27  Probe x2  
  34  6:28  Probe  
  37  6:40  Probe  
  37  6:42  Photon Cannon  
  37  6:45  Phoenix  
  33  7:17  Probe  
  33  7:21  Phoenix x2  
  33  7:22  Probe x2  
  41  7:30  Probe  
  41  7:34  Probe x2  
  43  7:41  Probe  
  43  7:42  Probe  
  45  7:46  Probe x2  
  45  7:48  Phoenix  
  49  7:54  Probe  
  50  7:58  Probe x2  
  50  8:02  Phoenix  
  50  8:03  Protoss Air Weapons Level 1 (Chrono Boost)  
  54  8:06  Probe  
  54  8:10  Probe x2  
  57  8:14  Fleet Beacon  
  57  8:17  Pylon  
  57  8:18  Probe  
  58  8:30  Phoenix  
  58  8:34  Probe x3  
  61  8:36  Probe  
  64  8:46  Probe x3  
  67  8:58  Probe x3  
  67  9:01  Carrier  
  76  9:10  Probe  
  75  9:26  Probe x3  
  75  9:30  Assimilator  
  78  9:32  Assimilator  
  78  9:34  Assimilator  
  78  9:36  Assimilator x2  
  78  9:38  Probe x3  
  81  9:40  Assimilator  
  81  9:42  Tempest  
  86  9:48  Probe  
  86  9:50  Probe x2  
  89  9:57  Probe  
  90  10:00  Probe  
  90  10:01  Nexus  
  90  10:02  Probe x2  
  90  10:05  Pylon  
  93  10:08  Pylon  
  93  10:10  Tempest  
  93  10:13  Probe  
  99  10:17  Robotics Facility  
  99  10:18  Pylon  
  99  10:19  Shield Battery  
  99  10:21  Pylon x2  
  99  10:27  Photon Cannon  
  99  10:34  Probe  
  100  10:43  Probe x2  
  100  10:46  Probe  
  100  10:48  Photon Cannon  
  103  10:52  Photon Cannon  
  103  10:53  Tempest, Carrier  
  103  10:55  Probe x2  
  116  11:03  Stargate  
  116  11:06  Observer, Stargate  
  116  11:07  Probe x2  
  119  11:13  Protoss Air Armor Level 1 (Chrono Boost)  
  119  11:20  Probe x2 (Chrono Boost)  
  119  11:22  Probe (Chrono Boost)  
  125  11:34  Probe (Chrono Boost)  
  125  11:36  Tempest  
  125  11:37  Probe x2 (Chrono Boost)  
  130  11:40  Probe (Chrono Boost)  
  130  11:42  Observer  
  130  11:44  Mothership (Chrono Boost)  
  134  11:47  Probe x2 (Chrono Boost)  
  143  11:54  Probe (Chrono Boost)  
  143  11:57  Carrier  
  143  11:59  Probe x2 (Chrono Boost)  
  152  12:01  Probe (Chrono Boost)  
  126  12:49  Tempest x2  
  129  12:54  Carrier  
  135  13:02  Carrier  
  135  13:03  Stargate  
  141  13:09  Probe x2  
  141  13:12  Protoss Air Weapons Level 2 (Chrono Boost)  
  143  13:21  Probe x2  
  143  13:26  Void Ray  
  143  13:27  Void Ray  
  145  13:33  Probe x2  
  155  13:45  Probe x2  
  157  13:57  Probe  
  158  14:12  Photon Cannon  
  158  14:14  Photon Cannon  
  158  14:18  Photon Cannon  
  158  14:19  Photon Cannon, Shield Battery  
  158  14:22  Shield Battery  
  158  14:25  Probe, Pylon  
  158  14:27  Phoenix  
  158  14:28  Tempest, Carrier, Pylon  
  158  14:29  Carrier  
  178  14:31  Pylon  
  178  14:34  Pylon  
  178  14:35  Assimilator  
  178  14:37  Probe, Pylon  
  179  14:40  Pylon  
  179  14:42  Pylon, Assimilator  
  179  14:46  Void Ray  
  179  14:51  Pylon  
  179  14:54  Pylon  
  179  14:56  Observer  
  179  14:58  Nexus  
  179  14:59  Pylon  
  184  15:00  Pylon  
  184  15:03  Pylon  
  184  15:04  Pylon  
  184  15:11  Pylon  
  190  15:16  Pylon  
Show
View Real Time Build Order
Export as new Build Order

Matko Terran 

Build Orders:  

Get SALT Encoding   

  12  0:10  Supply Depot  
  12  0:18  Refinery  
  13  0:21  SCV  
  13  0:37  Barracks  
  13  0:44  SCV  
  14  0:56  SCV  
  15  1:08  SCV  
  15  1:10  Refinery  
  16  1:21  SCV  
  17  1:25  Factory  
  16  1:33  SCV  
  17  1:40  Bunker  
  17  1:41  Marine  
  18  2:12  Factory Tech Lab  
  18  2:17  Marine  
  19  2:29  Barracks  
  19  2:32  Siege Tank  
  20  2:57  Orbital Command  
  19  3:18  Barracks  
  19  3:22  Siege Tank  
  19  3:26  Marine  
  23  3:34  Supply Depot  
  23  3:45  Starport  
  23  3:56  SCV  
  23  3:58  Supply Depot  
  24  4:08  SCV  
  25  4:14  Engineering Bay, Marine  
  26  4:20  SCV  
  27  4:27  Medivac  
  29  4:32  SCV, Marine  
  29  4:33  Marine  
  32  4:45  Missile Turret  
  32  4:55  Missile Turret  
  32  5:05  Medivac  
  34  5:24  Siege Tank  
  37  5:35  Medivac  
  39  5:55  Supply Depot  
  39  5:58  Supply Depot  
  39  6:17  Siege Tank  
  39  6:18  Marine x2  
  44  6:36  Marine x2  
  46  6:54  Marine x2  
  40  7:11  Marine x2  
  39  7:18  Terran Infantry Weapons Level 1  
  36  7:23  Starport Reactor  
  36  7:25  Barracks  
  36  7:29  Marine  
  37  7:38  Command Center  
  37  7:49  Barracks Tech Lab  
  37  7:50  Barracks Reactor  
  37  7:53  Siege Tank  
  40  8:03  SCV  
  41  8:08  Viking  
  41  8:10  Viking  
  45  8:15  SCV  
  46  8:23  Stimpack  
  46  8:25  Barracks Reactor  
  28  9:17  Missile Turret x2  
  28  9:18  Missile Turret  
  28  9:21  Orbital Command  
  28  9:26  Marine x2  
  30  9:42  SCV  
  31  9:51  Missile Turret  
  31  9:53  Marine x5  
  31  9:58  Missile Turret  
  36  10:05  SCV x2  
  38  10:10  Marine, Combat Shield  
  39  10:17  SCV, Terran Infantry Armor Level 1  
  40  10:25  Medivac  
  42  10:28  SCV  
  43  10:37  Armory  
  43  10:44  Engineering Bay  
  43  10:47  Medivac  
  43  10:49  SCV  
  46  10:57  Refinery  
  46  10:58  SCV  
  46  11:00  Refinery  
  46  11:04  Marine x3  
  50  11:13  Siege Tank  
  50  11:15  Marine  
  50  11:16  Marine  
  55  11:22  Marine, Medivac  
  55  11:25  SCV  
  59  11:32  Terran Infantry Weapons Level 2  
  59  11:35  Marine  
  59  11:37  SCV  
  61  11:41  SCV  
  62  11:49  SCV, Supply Depot  
  63  11:56  Supply Depot  
  63  12:03  Supply Depot  
  38  12:25  Marine x3  
  38  12:26  Marine x2  
  38  12:43  Marine  
  35  12:45  Marine x3  
  38  13:02  Command Center  
  14  14:11  Marine  
  14  14:12  Marine x4  
  19  14:22  Siege Tank  
  19  14:23  Viking x2  
  26  14:29  Marine x2  
  26  14:30  Marine x3  
  31  14:46  Refinery  
  31  14:53  Medivac, Viking  
  31  14:55  Marine x2  
Show
View Real Time Build Order
Export as new Build Order

FEEDO Protoss 

Build Orders: Carriers 

Get SALT Encoding   

  12  0:01  Probe (Chrono Boost)  
  13  0:11  Probe (Chrono Boost)  
  14  0:16  Probe (Chrono Boost)  
  15  0:23  Pylon  
  15  0:36  Assimilator  
  15  0:41  Probe  
  16  0:47  Gateway  
  16  0:53  Probe (Chrono Boost)  
  17  1:05  Probe (Chrono Boost)  
  17  1:09  Assimilator  
  18  1:13  Probe (Chrono Boost)  
  18  1:17  Forge  
  19  1:19  Probe  
  19  1:21  Pylon  
  20  1:38  Pylon  
  20  1:45  Cybernetics Core  
  20  1:46  Probe  
  21  1:54  Photon Cannon  
  21  2:03  Photon Cannon  
  21  2:15  Pylon  
  21  2:29  Photon Cannon  
  20  2:48  Photon Cannon  
  20  2:52  Photon Cannon  
  20  2:57  Probe (Chrono Boost)  
  22  3:06  Probe (Chrono Boost)  
  22  3:08  Pylon  
  22  3:11  Probe (Chrono Boost)  
  23  3:25  Photon Cannon  
  23  3:27  Pylon  
  23  3:47  Photon Cannon  
  23  3:49  Photon Cannon  
  23  3:53  Stargate  
  23  4:01  Photon Cannon  
  23  4:11  Probe  
  24  4:39  Photon Cannon  
  24  4:42  Oracle (Chrono Boost)  
  27  4:54  Photon Cannon  
  27  4:59  Photon Cannon  
  27  5:25  Void Ray  
  27  5:29  Nexus  
  31  5:40  Pylon  
  31  5:47  Probe  
  32  5:59  Probe  
  30  6:19  Photon Cannon  
  30  6:23  Probe  
  30  6:24  Photon Cannon  
  31  6:28  Pylon  
  31  6:29  Photon Cannon  
  31  6:35  Probe  
  31  6:39  Fleet Beacon  
  32  6:43  Pylon  
  32  6:44  Probe  
  33  6:48  Probe  
  34  6:55  Photon Cannon  
  34  6:58  Probe  
  34  7:00  Probe  
  36  7:07  Protoss Shields Level 1 (Chrono Boost)  
  36  7:14  Protoss Air Weapons Level 1 (Chrono Boost)  
  36  7:17  Probe  
  37  7:23  Shield Battery  
  37  7:24  Probe  
  37  7:29  Probe  
  39  7:31  Assimilator  
  39  7:36  Probe, Assimilator  
  40  7:41  Probe  
  41  7:49  Carrier (Chrono Boost)  
  47  8:01  Stargate  
  47  8:04  Probe x2  
  49  8:37  Probe  
  50  8:43  Pylon  
  50  8:48  Carrier  
  50  8:50  Carrier  
  62  9:35  Protoss Air Weapons Level 2 (Chrono Boost)  
  62  9:43  Carrier  
  62  9:44  Carrier  
  62  9:49  Twilight Council  
  74  10:12  Protoss Shields Level 2 (Chrono Boost)  
  73  10:15  Nexus  
  73  10:18  Pylon  
  73  10:21  Pylon  
  73  10:43  Carrier (Chrono Boost)  
  79  10:50  Photon Cannon  
  79  11:02  Carrier (Chrono Boost)  
  85  11:30  Assimilator  
  85  11:41  Carrier  
  85  11:42  Stargate  
  85  11:43  Pylon  
  91  11:47  Probe  
  91  11:48  Probe x2  
  94  12:07  Protoss Air Armor Level 1 (Chrono Boost)  
  66  12:49  Carrier x2 (Chrono Boost)  
  66  12:50  Carrier (Chrono Boost)  
  78  13:46  Carrier  
  72  14:03  Carrier x2  
  72  14:05  Probe  
  72  14:06  Probe x2  
  87  14:18  Probe  
  88  14:41  Assimilator  
Tags
 
Add a new tag
Caveats
  • Supply blocks, unpowered buildings, or Contaminate may cause inaccurate times.
  • Supply counts are checked every 10 seconds.